 Dungeon Crawl Stone Soup version 0.30.0 (webtiles) character file.

Game seed: 1085366726712399380

9 60083410 the Conjurer (level 2, -1/26 HPs)
             Began as a Naga Reaver on May 17, 2023.
             Slain by a hobgoblin (3 damage)
             ... on level 1 of the Dungeon.
             The game lasted 00:00:26 (155 turns).

60083410 the Conjurer (Naga Reaver)                  Turns: 155, Time: 00:00:26

Health: -1/26      AC:  2    Str: 14    XL:     2   Next: 12%
Magic:  5/5        EV:  9    Int: 13    God:
Gold:   0          SH:  0    Dex:  9    Spells: 4/5 levels left

rFire   . . .        a - +0 spear
rCold   . . .        (no shield)
rNeg    . . .        b - +0 leather armour
rPois   +            (no helmet)
rElec   .            (no cloak)
rCorr   .            (no gloves)
SInv    +            (no barding)
Will    .....        (no amulet)
Stlth   +            (no ring)
HPRegen 0.24/turn    (no ring)
MPRegen 0.09/turn

%: no passive effects
@: very slow
A: AC +0, large, see invisible, deformed body, poison resistance, slowness 2,
spit poison 1, naga tail 1
a: Spit Poison


You were on level 1 of the Dungeon.
You visited 1 branch of the dungeon, and saw 1 of its levels.

Inventory:

Hand Weapons
 a - a +0 spear (weapon)
Armour
 b - a +0 leather armour (worn)
Scrolls
 c - a scroll of noise {unknown}


   Skills:
 + Level 2.1 Fighting
 + Level 3.1 Polearms
 + Level 1.7 Dodging
 + Level 2.1 Spellcasting
 + Level 3.1 Conjurations


You had 4 spell levels left.
You knew the following spells:

 Your Spells              Type           Power      Damage    Failure   Level
a - Kiss of Death         Conj/Necr      20%        2d7       17%         1

Your spell library contained the following spells:

 Spells                   Type           Power      Damage    Failure   Level
 Momentum Strike          Conj/Tloc      10%        3d8       26%         2
 Hailstorm                Conj/Ice       5%         3d4       45%         3


Dungeon Overview and Level Annotations

Branches:
Dungeon (1/15)

Altars:


Innate Abilities, Weirdness & Mutations

Your serpentine skin is tough. (AC +0)
You have supernaturally acute eyesight. (SInv)
Armour fits poorly on your strangely shaped body.
Your system is resistant to poisons. (rPois)
You cover ground very slowly.
You can spit poison.
You have a snake-like lower body.


Message History

You hit the rat.
You kill the rat!
The endoplasm freezes you.
You are frozen.
The hobgoblin hits you. The endoplasm hits you.
You hit the hobgoblin.
The hobgoblin is severely wounded.
The hobgoblin completely misses you. The endoplasm freezes you.
You are frozen.
You barely miss the endoplasm. The hobgoblin barely misses you.
The endoplasm hits you.
You hit the endoplasm.
You kill the endoplasm!
The hobgoblin barely misses you. The hobgoblin hits you.
* * * LOW HITPOINT WARNING * * *
The hobgoblin hits you.
* * * LOW HITPOINT WARNING * * *
The hobgoblin hits you.
* * * LOW HITPOINT WARNING * * *
Found a short sword.
The hobgoblin barely misses you.
You barely miss the hobgoblin.
The hobgoblin is severely wounded.
The hobgoblin barely misses you.
You closely miss the hobgoblin.
The hobgoblin is severely wounded.
The hobgoblin hits you but does no damage.
You closely miss the hobgoblin.
The hobgoblin is severely wounded.
The hobgoblin hits you.
* * * LOW HITPOINT WARNING * * *
You closely miss the hobgoblin.
The hobgoblin is severely wounded.
The hobgoblin hits you.
* * * LOW HITPOINT WARNING * * *
You hit the hobgoblin.
The hobgoblin is almost dead.
The hobgoblin hits you.
You die...

#.... #.#######.##.
#....##.#######..##
####...##...#.......#
#....#.####..†.###..#
##...##....#.# #..#
#..##......#.# .....
#..#...##.........##
)..##...g#####..#####..
.......@........# ..#
.......$...##..... .##
..................#
..............#####
...............
...............
...............
...##..........


You could see a hobgoblin.

Vanquished Creatures
  2 bats (D:1)
  2 endoplasms (D:1)
  A hobgoblin (D:1)
  A kobold (D:1)
  A frilled lizard (D:1)
  A rat (D:1)
8 creatures vanquished.

Notes
Turn   | Place    | Note
-------+----------+-------------------------------------------
     0 | D:1      | 60083410 the Naga Reaver began the quest for the Orb.
     0 | D:1      | Reached XP level 1. HP: 19/19 MP: 3/3
   141 | D:1      | Reached XP level 2. HP: 19/26 MP: 5/5
   154 | D:1      | HP: 1/26 [hobgoblin (2)]
   155 | D:1      | Slain by a hobgoblin

Illustrated notes

Levels and vault maps discovered:
D:1:      mrwooster_arrival_arrow, layout_rooms, minmay_misc_feat_tower,
          minmay_distorted

Action                     || total
---------------------------++-------
  Melee: Spear             ||    31
 Armour: Leather armour    ||     5
  Dodge: Dodged            ||    19
